 Dungeon Crawl Stone Soup version 0.18.1-48-g4cf74bf (console) character file.

24075 Kloppie the Fighter (level 12, -1/118 HPs)
             Began as a Minotaur Abyssal Knight on June 29, 2016.
             Was the Champion of Lugonu.
             Succumbed to a black mamba's poison
             ... on level 5 of the Lair of Beasts.
             The game lasted 00:27:20 (16346 turns).

Kloppie the Fighter (Minotaur Abyssal Knight)      Turns: 16346, Time: 00:27:20

Health: -1/118     AC: 16    Str: 22    XL:     12   Next: 77%
Magic:  15/15      EV:  9    Int:  9    God:    Lugonu [******]
Gold:   1012       SH:  6    Dex: 16    Spells: 0 memorised, 11 levels left

rFire  . . .     SeeInvis +     a - +5 morningstar {crush, rN+ Str+3}
rCold  . . .     Gourm    .     d - +1 chain mail
rNeg   + . .     Faith    .     i - +0 buckler
rPois  .         Spirit   .     (helmet restricted)
rElec  .         Dismiss  .     (no cloak)
rCorr  .         Reflect  .     x - +0 pair of gloves
SustAt .         Harm     .     v - +0 pair of boots (curse)
MR     .....                    (no amulet)
Stlth  ..........               B - +3 ring of strength
                                U - ring of see invisible

@: lethally poisoned (-1 -> -30), not resistant to hostile enchantments,
extremely unstealthy
A: retaliatory headbutt, horns 2
a: Depart the Abyss, Bend Space, Banish, Corrupt, Enter the Abyss, Brand Weapon
With Distortion, Renounce Religion


You were on level 5 of the Lair of Beasts.
You worshipped Lugonu.
Lugonu was exalted by your worship.
You were not hungry.

You visited 2 branches of the dungeon, and saw 15 of its levels.
You visited the Abyss 1 time.
You also visited: Labyrinth.

You collected 1012 gold pieces.

Inventory:

Hand Weapons
 a - the +5 morningstar "Hoewnous" (weapon) {crush, rN+ Str+3}
   (You found it on level 9 of the Dungeon)

   It inflicts extra damage upon your enemies.
   It affects your strength (+3).
   It protects you from negative energy.
 q - a +0 flail of protection
 t - a +1 flail of protection
Armour
 d - a +1 chain mail (worn)
 i - a +0 buckler (worn)
 v - a cursed +0 pair of boots (worn)
 x - a +0 pair of gloves (worn)
Rods
 b - a +2 rod of shadows (10/10)
   (You found it in a labyrinth)
Jewellery
 e - an uncursed ring of ice
 j - an uncursed ring of flight
 B - a +3 ring of strength (right hand)
 F - an uncursed ring of fire
 S - an uncursed ring of stealth
 U - a ring of see invisible (left hand)
Wands
 n - a wand of flame (32/48)
 o - a wand of teleportation (6/9)
 y - a wand of flame (32/48)
 z - a wand of random effects (35/48)
 C - a wand of flame (23/48)
 H - a wand of paralysis (4/24)
 J - a wand of iceblast (5/15)
 P - a wand of lightning (6/15)
 T - a wand of random effects (33/48)
Scrolls
 m - 2 scrolls of enchant weapon
 r - 3 scrolls of remove curse
 w - 3 scrolls of enchant armour
 E - 4 scrolls of holy word
 N - a scroll of fear
Potions
 f - 2 potions of haste
 l - a potion of invisibility
 s - 2 potions of flight
 u - a potion of magic
 A - a potion of might
 I - 2 potions of brilliance
 K - a potion of cure mutation {unknown}
 M - a potion of ambrosia {unknown}
 O - a potion of agility
 R - a potion of lignification {unknown}
Books
 h - a book of Flames

   Spells                             Type                      Level
   a - Flame Tongue                   Conjuration/Fire             1
   b - Throw Flame                    Conjuration/Fire             2
   c - Conjure Flame                  Conjuration/Fire             3
   d - Inner Flame                    Hexes/Fire                   3
   e - Sticky Flame                   Conjuration/Fire             4
   f - Fireball                       Conjuration/Fire             5
 D - a book of Maledictions

   Spells                             Type                      Level
   a - Corona                         Hexes                        1
   b - Ensorcelled Hibernation        Hexes/Ice                    2
   c - Confuse                        Hexes                        3
   d - Tukima's Dance                 Hexes                        3
   e - Dazzling Spray                 Conjuration/Hexes            3
 G - a book of Death

   Spells                             Type                      Level
   a - Corpse Rot                     Necromancy                   2
   b - Sublimation of Blood           Necromancy                   2
   c - Agony                          Necromancy                   5
   d - Dispel Undead                  Necromancy                   5
   e - Excruciating Wounds            Charms/Necromancy            5
   f - Bolt of Draining               Conjuration/Necromancy       5
 Q - a book of Transfigurations

   Spells                             Type                      Level
   a - Irradiate                      Conjuration/Transmutation    5
   b - Statue Form                    Transmutation/Earth          6
   c - Hydra Form                     Transmutation                6
   d - Dragon Form                    Transmutation                7
Comestibles
 c - 8 bread rations
 g - 3 meat rations
 k - 6 beef jerkies
 p - 10 slices of pizza
 L - 8 fruits
 V - 15 chunks of flesh


   Skills:
 + Level 14.6 Fighting
 + Level 14.6 Maces & Flails
 - Level 11.8 Armour
 - Level 1.1 Dodging
 - Level 6.2 Shields
 + Level 6.2 Invocations


You had 11 spell levels left.
You didn't know any spells.

Dungeon Overview and Level Annotations

Branches:
Dungeon (10/15)            Temple (0/1) D:6            Lair (5/8) D:9
 Shoals (0/4) Lair:3
  Snake: Lair:3-6    Spider: Lair:3-6       Orc: D:9-12

Altars:
Dithmenos
Kikubaaqudgha
Makhleb
Nemelex Xobeh
Pakellas
Ru
Sif Muna
Vehumet
Xom
The Shining One

Shops:
D:4 :


Innate Abilities, Weirdness & Mutations

You reflexively headbutt those who attack you in melee.
You have a pair of horns on your head.


Message History

The black mamba is moderately wounded.
The sheep bites you but does no damage. The black mamba completely misses you.
You furiously retaliate!
You headbutt the black mamba! You block the sheep's attack.
The sheep bites you.
* * * LOW HITPOINT WARNING * * *
You closely miss the black mamba.
The black mamba is heavily wounded.
You feel sick. The black mamba bites you.
* * * LOW HITPOINT WARNING * * *
The sheep closely misses you. The sheep bites you but does no damage.
The sheep bites you!
* * * LOW HITPOINT WARNING * * *
The black mamba bites you!
* * * LOW HITPOINT WARNING * * *
You are more poisoned.
The black mamba poisons you!
You impale the black mamba!!
You kill the black mamba!
Lugonu accepts your kill.
You die...

................#####
................P#
.......P.....P....#
........####.#...#####
#......## ###.....#.##.
##.#...## ##..........
###.....# #...........
.#.#...######..YY.......
#.......#....#>Y@Y......
...............†††......
........................
........................
..#.....................
###.............P.#####P
###..............##
.................###
....................


You could see 4 sheep.

Vanquished Creatures
  Snorg (Lair:5)
  A minotaur (Lab)
  Josephine (Lair:4)
  2 hydras
  Nergalle (Lair:4)
  Pikel (D:5)
  An elephant (D:9)
  5 black mambas
  9 spiny frogs
  6 komodo dragons
  7 blink frogs
  A snapping turtle (Lair:3)
  A human (D:9)
  13 yaks
  4 wraiths (Lair:3)
  A hog (D:9)
  2 basilisks
  5 hippogriffs
  A hungry ghost (Lab)
  A steam dragon (Lair:4)
  The ghost of Lennu the Chiller, an amateur MfIE (D:3)
  6 water moccasins
  Duvessa (D:4)
  11 porcupines
  An orc warrior (D:10)
  A sky beast (D:9)
  2 ice beasts
  A wasp (D:7)
  2 black bears (D:6)
  3 slaves (D:5)
  A phantom (D:7)
  2 ogres
  5 wolves
  A necrophage (D:9)
  A centaur (D:9)
  13 crocodiles
  4 big kobolds
  A wyvern zombie (D:9)
  5 giant frogs
  Dowan (D:4)
  3 scorpions
  3 electric eels (D:9)
  2 howler monkeys
  2 giant frog zombies
  3 crimson imps
  3 giant frog skeletons
  2 hounds (D:7)
  A jelly (D:8)
  8 orc priests
  2 centaur skeletons
  13 iguanas
  10 orc wizards
  10 worker ants
  23 sheep
  A hound zombie (D:8)
  A hound skeleton (D:6)
  A mummy (D:6)
  22 river rats
  14 adders
  5 shadow imps
  4 oozes
  An adder zombie (D:8)
  An adder skeleton (D:4)
  A worm (D:4)
  2 dart slugs (D:1)
  46 orcs
  4 bats
  5 giant cockroaches
  6 hobgoblins
  23 jackals
  A ball python (D:1)
  A giant newt (D:5)
  9 goblins
  A jackal skeleton (D:4)
  23 kobolds
  2 kobold zombies (D:6)
  2 orc zombies (D:6)
  2 quokka skeletons
  9 rats
399 creatures vanquished.

Vanquished Creatures (others)
  A hound (D:5)
  An orc wizard (D:3)
  An orc (D:5)
  A kobold (D:9)
  A bush (Lair:4)
  5 fungi
  3 plants
13 creatures vanquished.

Grand Total: 412 creatures vanquished

Notes
Turn   | Place    | Note
--------------------------------------------------------------
     0 | Abyss:1  | Kloppie the Minotaur Abyssal Knight began the quest for the Orb.
     0 | Abyss:1  | Reached XP level 1. HP: 19/19 MP: 1/1
     0 | D:1      | Escaped the Abyss
   106 | D:1      | Found a sparkling altar of Nemelex Xobeh.
   119 | D:1      | Reached * piety under Lugonu
   157 | D:1      | Reached XP level 2. HP: 19/27 MP: 2/2
   752 | D:2      | Reached XP level 3. HP: 23/33 MP: 3/3
   964 | D:1      | HP: 1/33 [poisoned by an adder]
  1409 | D:2      | Found a shimmering altar of Xom.
  1511 | D:2      | Reached ** piety under Lugonu
  1542 | D:2      | Reached XP level 4. HP: 38/41 MP: 4/4
  2076 | D:3      | Reached skill level 5 in Fighting
  2313 | D:3      | Reached XP level 5. HP: 48/48 MP: 5/5
  2334 | D:3      | Noticed Lennu's ghost (amateur MfIE)
  2350 | D:3      | Killed Lennu's ghost
  2393 | D:3      | Reached XP level 6. HP: 57/57 MP: 6/6
  2466 | D:3      | Found a glowing golden altar of the Shining One.
  2587 | D:3      | Reached skill level 5 in Armour
  2774 | D:3      | Reached skill level 5 in Maces & Flails
  3303 | D:4      | Found Hyorhix's Book Shoppe.
  3306 | D:4      | Reached XP level 7. HP: 64/64 MP: 7/7
  3334 | D:4      | Reached *** piety under Lugonu
  3469 | D:4      | Found a sacrificial altar of Ru.
  3470 | D:4      | Noticed Duvessa
  3474 | D:4      | Noticed Dowan
  3482 | D:4      | Killed Duvessa
  3491 | D:4      | Killed Dowan
  3525 | D:4      | Found a shadowy altar of Dithmenos.
  3525 | D:4      | Found an oddly glowing altar of Pakellas.
  3527 | D:4      | Found a burning altar of Makhleb.
  3913 | D:5      | Entered Level 5 of the Dungeon
  4159 | D:5      | Noticed Pikel
  4220 | D:5      | Killed Pikel
  4220 | D:5      | Reached XP level 8. HP: 57/74 MP: 8/8
  4569 | D:5      | Found a radiant altar of Vehumet.
  4623 | D:6      | Reached **** piety under Lugonu
  5017 | D:6      | Found a staircase to the Ecumenical Temple.
  5608 | D:6      | Reached XP level 9. HP: 83/83 MP: 9/9
  6358 | D:7      | Reached skill level 1 in Shields
  6814 | D:8      | Reached ***** piety under Lugonu
  7036 | D:8      | Reached skill level 10 in Fighting
  7065 | D:8      | Found an ancient bone altar of Kikubaaqudgha.
  7198 | D:8      | Found a deep blue altar of Sif Muna.
  7517 | D:8      | Reached skill level 10 in Maces & Flails
  7660 | D:9      | Reached skill level 5 in Shields
  7669 | D:9      | Reached XP level 10. HP: 58/94 MP: 10/10
  7820 | D:9      | Noticed an elephant
  7843 | D:9      | Killed an elephant
  8069 | D:9      | Found a staircase to the Lair.
  8350 | D:9      | Got a twisted morningstar
  8916 | D:9      | Found a sacrificial altar of Ru.
  8990 | D:9      | Identified the +5 morningstar "Hoewnous" {crush, rN+ Str+3} (You found it on level 9 of the Dungeon)
  9013 | D:10     | Entered Level 10 of the Dungeon
  9144 | Lair:1   | Entered Level 1 of the Lair of Beasts
  9153 | Lair:1   | Found a labyrinth entrance.
  9162 | Lab      | Entered a labyrinth
  9263 | Lab      | Noticed a minotaur
  9273 | Lab      | Killed a minotaur
  9742 | Lair:1   | Noticed a spiny frog
  9753 | Lair:1   | Killed a spiny frog
 10036 | Lair:1   | Reached skill level 10 in Armour
 10676 | Lair:1   | Reached XP level 11. HP: 76/104 MP: 11/11
 11094 | Lair:2   | Noticed a five-headed hydra
 11239 | Lair:2   | Killed a five-headed hydra
 13155 | Lair:3   | Reached ****** piety under Lugonu
 13216 | Lair:3   | Found a staircase to the Shoals.
 13792 | Lair:4   | Noticed an eight-headed hydra
 13812 | Lair:4   | Killed an eight-headed hydra
 13812 | Lair:4   | Reached XP level 12. HP: 92/115 MP: 11/13
 13973 | Lair:4   | Noticed Nergalle
 13983 | Lair:4   | Noticed Josephine
 14616 | Lair:4   | Killed Nergalle
 14627 | Lair:4   | Killed Josephine
 15310 | Lair:4   | Reached skill level 5 in Invocations
 16146 | Lair:5   | Noticed Snorg
 16157 | Lair:5   | Killed Snorg
 16345 | Lair:5   | HP: 1/118 [black mamba (12)]
 16346 | Lair:5   | Succumbed to a black mamba's poison

Skill      XL: |  1  2  3  4  5  6  7  8  9 10 11 12 |
---------------+-------------------------------------+-----
Fighting       | 4 5 6 8 9 10 11 13 14 | 14.6
Maces & Flails | 3 4 5 7 8 10 11 13 14 | 14.6
Armour         | 3 4 5 7 8 9 10 11 | 11.8
Shields        | 5 6 |  6.2
Invocations    | 2 6 |  6.2
Dodging        | |  1.1

Action                   |  1- 3 |  4- 6 |  7- 9 | 10-12 || total
-------------------------+-------+-------+-------+-------++-------
Melee: Mace              |    92 |    36 |       |       ||   128
       Headbutt          |     8 |    30 |   102 |   146 ||   286
       Flail             |       |   126 |   469 |   108 ||   703
       Morningstar       |       |       |       |   478 ||   478
Invok: Depart the Abyss  |     1 |       |       |       ||     1
  Use: Scroll            |       |     7 |    14 |     6 ||    27
       Potion            |       |     1 |     1 |    10 ||    12
  Eat: Chunk             |     2 |     6 |    15 |    23 ||    46
       Meat ration       |       |       |       |     1 ||     1
Armor: Leather armour    |    26 |       |       |       ||    26
       Chain mail        |       |   106 |   325 |   344 ||   775
Dodge: Dodged            |    63 |    50 |   178 |   263 ||   554
Block: Buckler           |       |       |    44 |   166 ||   210
